[Event "Titled Tuesday Blitz November 08 Late 2022"]
[White "Mortazavi, Ali"]
[Black "Guha, Eshan"]
[WhiteFideId "401323"]
[BlackFideId "30958628"]
[WhiteElo "2339"]
[BlackElo "2294"]
[Result "0-1"]
[Round "03"]
[TimeControl "180+1"]
[Date "2022.11.09"]
[WhiteClock "0:00:13"]
[BlackClock "0:00:06"]

1. e4 c6 2. Nc3 d5 3. Qf3 dxe4 4. Nxe4 Nf6 5. Bc4 Nbd7 6. Bb3 e6 7. d3 Be7 8. Qg3 O-O 9. Ne2 Nxe4 10. dxe4 Bh4 11. Qf3 Ne5 12. Qh3 Ng6 13. Be3 e5 14. Qf3 Be7 15. g3 Be6 16. h4 Bxb3 17. axb3 Re8 18. h5 Nf8 19. Rd1 Qc7 20. Kf1 h6 21. Kg2 Ne6 22. c3 Rad8 23. Qg4 Kh7 24. Qf5+ Kg8 25. Qg4 Kh7 26. b4 Bg5 27. f4 Bf6 28. Rhf1 Rxd1 29. Rxd1 Rd8 30. Rxd8 Qxd8 31. fxe5 Bg5 32. Qf5+ Kg8 33. Bxg5 Qxg5 34. Nf4 Nxf4+ 35. Qxf4 Qxh5 36. g4 Qh4 37. Qf5 Qd8 38. e6 Qd2+ 39. Kh3 Qe3+ 40. Kg2 Qe2+ 41. Kg3 Qe3+ 42. Kh4 Qe1+ 43. Kh3 Qe3+ 44. Kg2 Qe2+ 45. Kg1 Qe1+ 46. Qf1 Qe3+ 47. Kh2 Qd2+ 48. Kg3 Qe3+ 49. Kh4 Qg5+ 50. Kh3 Qe3+ 51. Kh2 Qd2+ 52. Kh1 fxe6 53. Qc4 Qe1+ 54. Kg2 Qd2+ 55. Kf3 Qd1+ 56. Kf4 Qc1+ 57. Ke5 Qg5+ 58. Kxe6 Qxg4+ 59. Ke7+ Kh7 60. Qe6 Qg5+ 61. Kf8 h5 62. Qg8+ Kg6 63. Qf7+ Kh6 64. Kg8 h4 65. Kh8 Qd8+ 66. Qg8 Qxg8+ 67. Kxg8 h3 68. e5 h2 69. e6 h1=Q 70. e7 Qe4 71. Kf8 g5 0-1


[Site "https://www.chess.com"]

[Event "Titled Tuesday Blitz November 08 Late 2022"]
[White "Musovic, Armin"]
[Black "Kobo, Ori"]
[WhiteFideId "939935"]
[BlackFideId "2812320"]
[WhiteElo "2288"]
[BlackElo "2447"]
[Result "0-1"]
[Round "03"]
[TimeControl "180+1"]
[Date "2022.11.08"]
[WhiteClock "0:00:52"]
[BlackClock "0:00:37"]

1. a3 d5 2. d4 Nf6 3. Nf3 g6 4. c4 dxc4 5. Nc3 a6 6. e4 b5 7. h3 Bb7 8. Qc2 Bg7 9. Be2 O-O 10. O-O c5 11. dxc5 Qc7 12. Be3 Nbd7 13. a4 b4 14. Nd5 Bxd5 15. exd5 Nxd5 16. Qxc4 Nxe3 17. fxe3 Qxc5 18. Qd3 Rad8 19. Rac1 Qa7 20. b3 Bc3 21. Qxa6 Qxe3+ 22. Kh1 Nc5 23. Qc4 Ne4 24. Kh2 Qf4+ 25. Kg1 Rc8 26. Qa6 Qe3+ 27. Kh2 Qf4+ 28. Kg1 Ng3 29. Bc4 Nxf1 30. Rxf1 Qe3+ 31. Kh1 e6 32. a5 Qc5 33. Qb5 Qxb5 34. Bxb5 Rc5 35. Bc4 Rxa5 36. Ng1 Rfa8 37. Bd3 Ra1 38. Bb1 R8a3 39. Bc2 Rxf1 40. Kh2 0-1


[Site "https://www.chess.com"]

[Event "Titled Tuesday Blitz November 08 Late 2022"]
[White "Nakamura, Hikaru"]
[Black "Yanchenko, Roman"]
[WhiteFideId "2016192"]
[BlackFideId "4137329"]
[WhiteElo "2909"]
[BlackElo "2489"]
[Result "1-0"]
[Round "03"]
[TimeControl "180+1"]
[Date "2022.11.08"]
[WhiteClock "0:01:50"]
[BlackClock "0:00:02"]

1. Nf3 d5 2. g3 Nf6 3. Bg2 Bf5 4. d3 e6 5. Nh4 Bg4 6. h3 Bh5 7. Nd2 Be7 8. g4 Bg6 9. Nxg6 hxg6 10. e3 c5 11. b3 Nc6 12. Bb2 Qc7 13. Qe2 b5 14. a3 a5 15. g5 Nd7 16. h4 Rh7 17. c4 dxc4 18. bxc4 b4 19. a4 Ra6 20. Nb3 Bd6 21. d4 Ne7 22. e4 cxd4 23. c5 d3 24. Qxd3 Nxc5 25. Nxc5 Rc6 26. Nb3 Be5 27. Bxe5 Qxe5 28. Qd4 Qc7 29. Rh3 e5 30. Qd2 f6 31. Rc1 Rxc1+ 32. Nxc1 fxg5 33. Qxg5 Rh5 34. Qd2 Nc6 35. Nb3 Qd7 36. Qxd7+ Kxd7 37. Kd2 g5 38. hxg5 Rxg5 39. Rg3 Rxg3 40. fxg3 Kc7 41. Kd3 Kb6 42. Bh3 Nd8 43. Kc4 Nf7 44. Kd5 g6 45. Nd2 Kc7 46. Bg4 Nh6 47. Bd1 Nf7 48. Nc4 Nd8 49. Nxa5 1-0


[Site "https://www.chess.com"]

[Event "Titled Tuesday Blitz November 08 Late 2022"]
[White "Onslow, Alfie"]
[Black "Mladek, Richard"]
[WhiteFideId "436976"]
[BlackFideId "386588"]
[WhiteElo "2015"]
[BlackElo "2271"]
[Result "1-0"]
[Round "03"]
[TimeControl "180+1"]
[Date "2022.11.09"]
[WhiteClock "0:00:16"]
[BlackClock "0:00:28"]

1. e4 g6 2. d4 Bg7 3. Nf3 d6 4. Bc4 a6 5. O-O b5 6. Bb3 Bb7 7. Re1 e6 8. c3 h6 9. Nbd2 Nd7 10. Nf1 Ne7 11. a4 O-O 12. Ng3 c5 13. Be3 Qc7 14. h4 Nf6 15. h5 Nxe4 16. Nxe4 Bxe4 17. hxg6 Nxg6 18. Nh2 c4 19. Bc2 Bxc2 20. Qxc2 f5 21. Ng4 Kh7 22. Bxh6 Bxh6 23. Rxe6 Rae8 24. Rxe8 Rxe8 25. Nf6+ Kh8 26. Nxe8 Qe7 27. Nxd6 Qxd6 28. Qxf5 Kg7 29. axb5 Ne7 30. Qg4+ Kf7 31. bxa6 Nc6 32. a7 Nxa7 33. Rxa7+ Kf6 34. Qf3+ Kg6 35. g3 Bg5 36. Qe4+ Kf6 37. f4 Bh6 38. Qe5+ Qxe5 39. fxe5+ Kf5 40. Rc7 Bc1 41. Rxc4 Bxb2 42. Kg2 Ke6 43. Kf3 Kd5 44. Rc5+ Ke6 45. Rb5 Bxc3 46. Ke4 Ba1 47. d5+ Ke7 48. Rb7+ Ke8 49. Kf5 Kf8 50. Ke6 Ke8 51. Rb8# 1-0


[Site "https://www.chess.com"]

[Event "Titled Tuesday Blitz November 08 Late 2022"]
[White "Oye-Stromberg, Alexander"]
[Black "Lewtak, Damian"]
[WhiteFideId "1525999"]
[BlackFideId "1141724"]
[WhiteElo "2427"]
[BlackElo "2604"]
[Result "0-1"]
[Round "03"]
[TimeControl "180+1"]
[Date "2022.11.09"]
[WhiteClock "0:00:05"]
[BlackClock "0:00:13"]

1. e4 c5 2. Nf3 d6 3. d4 cxd4 4. Nxd4 Nf6 5. Nc3 Nc6 6. Bg5 e6 7. Qd2 a6 8. O-O-O Bd7 9. f4 b5 10. Nf3 b4 11. Bxf6 gxf6 12. Ne2 Qb6 13. Ned4 Nxd4 14. Qxd4 Qxd4 15. Nxd4 h5 16. f5 Bh6+ 17. Kb1 Bf4 18. Bc4 Ke7 19. fxe6 fxe6 20. g3 Be5 21. Nf3 a5 22. Nxe5 fxe5 23. Rhf1 Rag8 24. Rf3 Rf8 25. Rfd3 Bc8 26. Rxd6 Rf2 27. R6d2 Rhf8 28. a3 bxa3 29. bxa3 Rxd2 30. Rxd2 Bd7 31. Ka2 Bc6 32. Bd3 Rf3 33. Re2 Kd6 34. Kb3 Kc5 35. Kc3 Rf1 36. Rg2 Rh1 37. Kd2 Ra1 38. h3 Rxa3 39. g4 hxg4 40. hxg4 Ra1 41. g5 Rb1 42. g6 Rb8 43. g7 Rg8 44. Kc3 Kd6 45. Rg5 Bd7 46. Bc4 a4 47. Kb4 Ke7 48. Rxe5 Rxg7 49. Ra5 Rg4 50. e5 Kd8 51. Kc5 Re4 52. Ra8+ Kc7 53. Ra7+ Kd8 54. Kd6 Rd4+ 55. Kc5 Rd2 56. Bd3 Ke7 57. Bb5 Rd5+ 58. Kc4 Rxb5 59. Rxd7+ Kxd7 60. Kxb5 a3 61. Kb6 a2 62. c4 a1=Q 63. c5 Qb2+ 64. Ka6 Kc6 65. Ka7 Qb7# 0-1


[Site "https://www.chess.com"]

[Event "Titled Tuesday Blitz November 08 Late 2022"]
[White "Paiva, Henrique M A Albergaria"]
[Black "Young, Ryan"]
[WhiteFideId "1920995"]
[BlackFideId "2049945"]
[WhiteElo "1953"]
[BlackElo "2280"]
[Result "1/2-1/2"]
[Round "03"]
[TimeControl "180+1"]
[Date "2022.11.09"]
[WhiteClock "0:00:17"]
[BlackClock "0:00:21"]

1. e4 e5 2. Nf3 Nc6 3. Bb5 a6 4. Ba4 b5 5. Bb3 Na5 6. Nxe5 Nxb3 7. axb3 Qg5 8. d4 Qxg2 9. Qf3 Qxf3 10. Nxf3 Bb7 11. O-O Bxe4 12. Re1 f5 13. Nfd2 Nf6 14. f3 d5 15. fxe4 fxe4 16. c4 c6 17. Nc3 Bb4 18. Nf1 O-O 19. Be3 Ng4 20. h3 Nxe3 21. Rxe3 Bxc3 22. bxc3 bxc4 23. b4 Rf7 24. Ng3 Rf6 25. Rf1 Rxf1+ 26. Kxf1 a5 27. bxa5 Rxa5 28. Nf5 Kf7 29. Re2 Ra3 30. Rc2 g6 31. Ne3 Ke6 32. Ke2 Ra1 33. Rb2 Rh1 34. Rb6 Kd6 35. Ng4 Rxh3 36. Ne5 Rxc3 37. Rxc6+ Ke7 38. Rc7+ Kf6 39. Rxh7 Rc2+ 40. Ke3 Ra2 41. Kf4 Rf2+ 42. Kg3 Rd2 43. Kf4 Rxd4 44. Rf7+ Ke6 45. Rc7 Rd1 46. Rc6+ Ke7 47. Nxg6+ Kd7 48. Ne5+ Kd8 49. Kf5 Rh1 50. Ke6 Rh6+ 51. Kxd5 Rxc6 52. Nxc6+ Kc7 53. Na5 c3 54. Kxe4 Kb6 55. Nb3 Kb5 56. Kd3 Kb4 57. Kc2 Kc4 58. Na5+ Kb5 59. Nb3 Ka4 60. Nc1 Kb5 61. Ne2 Kc6 62. Nf4 Kc7 63. Nd3 Kd7 64. Ne1 Ke8 65. Ng2 Kf8 66. Ne3 Kg8 67. Nd5 Kh8 68. Nxc3 1/2-1/2


[Site "https://www.chess.com"]

[Event "Titled Tuesday Blitz November 08 Late 2022"]
[White "Perez Ponsa, Federico"]
[Black "Do Nascimento,Christian Almeida"]
[WhiteFideId "117927"]
[BlackFideId "2143801"]
[WhiteElo "2836"]
[BlackElo "2519"]
[Result "1-0"]
[Round "03"]
[TimeControl "180+1"]
[Date "2022.11.09"]
[WhiteClock "0:01:07"]
[BlackClock "0:00:07"]

1. e4 c5 2. Nf3 d6 3. Nc3 Nf6 4. e5 dxe5 5. Nxe5 Nbd7 6. Nc4 e6 7. g3 Be7 8. Bg2 O-O 9. O-O Rb8 10. a4 b6 11. d3 Bb7 12. Bf4 Bxg2 13. Kxg2 Rc8 14. Qf3 Nb8 15. Nb5 Nc6 16. Ne5 Nd4 17. Nxd4 cxd4 18. Nc6 Qd7 19. Nxe7+ Qxe7 20. Be5 Rxc2 21. Bxd4 Rc7 22. a5 b5 23. Be5 Rd7 24. Rac1 Nd5 25. Rfe1 a6 26. Bd4 Rc7 27. Qg4 f5 28. Qf3 Rfc8 29. Qxd5 Rxc1 30. Rxe6 Qf7 31. Qe5 Qb7+ 32. Kh3 Qf7 33. Re7 Qf6 34. Qd5+ 1-0


[Site "https://www.chess.com"]

[Event "Titled Tuesday Blitz November 08 Late 2022"]
[White "Poliakova, Varvara"]
[Black "Amburgy, Ryan"]
[WhiteFideId "13518313"]
[BlackFideId "30924820"]
[WhiteElo "2501"]
[BlackElo "2743"]
[Result "1-0"]
[Round "03"]
[TimeControl "180+1"]
[Date "2022.11.09"]
[WhiteClock "0:02:12"]
[BlackClock "0:01:49"]

1. e4 c6 2. d4 d5 3. Nd2 dxe4 4. Nxe4 Bf5 5. Ng3 Bg6 6. h4 h6 7. Nh3 e6 8. Nf4 Bh7 9. c3 Bd6 10. Bd3 Bxd3 11. Qxd3 Nd7 12. Nfh5 g6 13. Nf4 Ngf6 14. Nxg6 fxg6 15. Qxg6+ Kf8 16. Bxh6+ Rxh6 17. Qxh6+ Kf7 18. Ne4 Be7 19. Ng5+ Ke8 20. Qg6+ 1-0


[Site "https://www.chess.com"]

[Event "Titled Tuesday Blitz November 08 Late 2022"]
[White "Poltorak, Sebastian"]
[Black "Ali Abdullahi, Farah"]
[WhiteFideId "1199498"]
[BlackFideId "16100212"]
[WhiteElo "2196"]
[BlackElo "2258"]
[Result "1-0"]
[Round "03"]
[TimeControl "180+1"]
[Date "2022.11.09"]
[WhiteClock "0:01:27"]
[BlackClock "0:00:25"]

1. c3 e6 2. d4 d5 3. Bf4 c5 4. e3 cxd4 5. exd4 Bd6 6. Bxd6 Qxd6 7. Nf3 Nc6 8. Bd3 Nge7 9. O-O O-O 10. Qe2 Ng6 11. Nbd2 Nf4 12. Qe3 Nxd3 13. Qxd3 e5 14. dxe5 Nxe5 15. Nxe5 Qxe5 16. Nf3 Qh5 17. Rad1 Be6 18. Nd4 a6 19. Rfe1 Rae8 20. Qg3 Bg4 21. f3 Bc8 22. Rxe8 Rxe8 23. Re1 f6 24. h3 Rxe1+ 25. Qxe1 Qe5 26. Kf2 Qxe1+ 27. Kxe1 Kf7 28. Kd2 g6 29. Ke3 f5 30. Ne2 Kf6 31. Kd4 Ke6 32. Nf4+ Kd6 33. Nxd5 Be6 34. c4 b5 35. b3 bxc4 36. bxc4 g5 37. a3 g4 38. hxg4 fxg4 39. fxg4 Bxg4 40. Nb4 Bc8 41. c5+ Kc7 42. Nd5+ Kd8 43. c6 Bf5 44. Kc5 Be4 45. Kd6 Bxd5 46. Kxd5 Kc7 47. g4 h6 48. a4 a5 49. Kc5 Kc8 50. Kb6 Kb8 51. c7+ Kc8 52. Kc6 h5 53. g5 h4 54. g6 h3 55. g7 1-0


[Site "https://www.chess.com"]

[Event "Titled Tuesday Blitz November 08 Late 2022"]
[White "Preotu, Razvan"]
[Black "Kollars, Dmitrij"]
[WhiteFideId "2613280"]
[BlackFideId "12909572"]
[WhiteElo "2407"]
[BlackElo "2584"]
[Result "1-0"]
[Round "03"]
[TimeControl "180+1"]
[Date "2022.11.08"]
[WhiteClock "0:00:02"]
[BlackClock "0:00:03"]

1. e4 c5 2. Nf3 d6 3. d4 cxd4 4. Nxd4 Nf6 5. Nc3 Nc6 6. Bg5 e6 7. Qd2 a6 8. O-O-O Bd7 9. f3 Nxd4 10. Qxd4 h6 11. Bh4 Be7 12. Bc4 b5 13. Bb3 Qc7 14. Bg3 a5 15. e5 dxe5 16. Bxe5 Qb7 17. a4 b4 18. Ne4 Nxe4 19. fxe4 f6 20. Bd6 Qc6 21. Bxe7 Kxe7 22. e5 f5 23. g4 Rhf8 24. gxf5 Rxf5 25. Rhg1 g5 26. h4 Rf4 27. Qd3 Raf8 28. hxg5 Rf3 29. Qd6+ Qxd6 30. exd6+ Kd8 31. gxh6 Rh8 32. Rg6 Be8 33. Rxe6 Bf7 34. Re2 Bxb3 35. cxb3 Rxh6 36. d7 Rh8 37. Kc2 Rf5 38. Rd4 Rc5+ 39. Rc4 Rxc4+ 40. bxc4 Kxd7 41. Re5 Rh2+ 42. Kb3 Rh3+ 43. Ka2 Rh4 44. Rxa5 Rxc4 45. Kb3 Rf4 46. Rb5 Kc6 47. Rxb4 Rf3+ 48. Ka2 Kc5 49. Rb5+ Kc4 50. Rb8 Re3 51. a5 Re5 52. b3+ Kc3 53. b4 1-0


[Site "https://www.chess.com"]

[Event "Titled Tuesday Blitz November 08 Late 2022"]
[White "Principe, Gerson"]
[Black "Makarian, Rudik"]
[WhiteFideId "3804550"]
[BlackFideId "44105681"]
[WhiteElo "2280"]
[BlackElo "2423"]
[Result "0-1"]
[Round "03"]
[TimeControl "180+1"]
[Date "2022.11.08"]
[WhiteClock "0:00:05"]
[BlackClock "0:00:14"]

1. d4 Nf6 2. Nf3 c5 3. e3 g6 4. Be2 Bg7 5. O-O O-O 6. c3 b6 7. a4 Nc6 8. b3 Bb7 9. Ba3 d6 10. Nbd2 Rc8 11. Rc1 Re8 12. b4 Nd7 13. Qb3 Ba8 14. Rfd1 e6 15. Nc4 d5 16. Nd6 c4 17. Qc2 f5 18. Nxc8 Qxc8 19. b5 Na5 20. Nd2 e5 21. Bb4 e4 22. Bxa5 bxa5 23. Re1 Nb6 24. f4 exf3 25. Bxf3 Qe6 26. Re2 h5 27. Rce1 Bh6 28. Nf1 Kg7 29. g3 Bb7 30. Bg2 Qd6 31. Qa2 Bg5 32. h4 Bh6 33. Bf3 Bc8 34. Bg2 Bd7 35. Rf2 Re7 36. Rfe2 Be6 37. Bf3 Bf7 38. Bg2 g5 39. hxg5 Bxg5 40. Rf2 Bg6 41. Bh3 h4 42. gxh4 Bxh4 43. Qe2 f4 44. Qg4 Bxf2+ 45. Kxf2 fxe3+ 46. Rxe3 Qf6+ 47. Kg1 Rf7 48. Re2 Nxa4 49. Qg3 Kh7 50. Re5 Rg7 51. Rg5 Qxg5 52. Qxg5 Be4 53. Qxg7+ Kxg7 54. Nd2 Nxc3 55. Bf1 a4 56. Nxc4 dxc4 57. Bxc4 a3 58. b6 axb6 0-1


[Site "https://www.chess.com"]

[Event "Titled Tuesday Blitz November 08 Late 2022"]
[White "Rangel, Daniel"]
[Black "Brodowski, Piotr"]
[WhiteFideId "2124475"]
[BlackFideId "1124480"]
[WhiteElo "2446"]
[BlackElo "2626"]
[Result "0-1"]
[Round "03"]
[TimeControl "180+1"]
[Date "2022.11.09"]
[WhiteClock "0:00:06"]
[BlackClock "0:00:23"]

1. c4 e5 2. g3 Nc6 3. Bg2 g6 4. Nc3 Bg7 5. e3 d6 6. Nge2 f5 7. O-O Nge7 8. Rb1 a5 9. a3 O-O 10. b4 axb4 11. axb4 e4 12. d3 exd3 13. Qxd3 Ne5 14. Qc2 c6 15. b5 Nxc4 16. bxc6 bxc6 17. Rd1 d5 18. Nf4 Kh8 19. Ncxd5 cxd5 20. Nxd5 Nxd5 21. Bxd5 Na3 22. Bxa8 Nxc2 23. Rxd8 Rxd8 24. Rb8 Bf6 25. Kg2 Be6 26. Rxd8+ Bxd8 27. e4 fxe4 28. Bxe4 Nd4 29. Bb2 Bf6 30. h4 Kg7 31. f3 Nf5 32. Bxf6+ Kxf6 33. Bd3 Bd5 34. Be2 Nd4 35. Bd1 Ke5 36. Kf2 h6 37. f4+ Kf6 38. g4 Ne6 39. Kg3 Be4 40. g5+ hxg5 41. fxg5+ Kg7 42. h5 gxh5 43. Bxh5 Nxg5 44. Bg4 Kf6 45. Bc8 Bh7 46. Bh3 Ke5 47. Bg2 Bf5 48. Kh2 Kf4 49. Kg1 Ke3 50. Ba8 Bg4 51. Kh2 Kf4 52. Kg1 Nh3+ 53. Kh2 Nf2 54. Kg1 Nd3 55. Kh2 Nc5 56. Kg1 Kg3 57. Kh1 Nd3 58. Kg1 Be2 59. Bb7 Nf4 60. Ba8 Nh3+ 61. Kh1 Nf2+ 62. Kg1 Bc4 63. Bb7 Nd3 64. Ba8 Nf4 65. Kh1 Ne6 66. Kg1 Ba6 67. Bc6 Nc7 68. Be4 Bb5 69. Bb7 Bd3 70. Bc6 Kf4 71. Bb7 Ke3 72. Kh2 Be2 73. Kg3 Ne6 74. Bc6 Nd4 75. Ba8 Nf5+ 76. Kh2 Kf2 77. Bb7 Ng3 78. Ba8 Nf1+ 79. Kh3 Ke3 80. Kh4 Kf4 81. Bb7 Bg4 82. Ba8 Ne3 83. Be4 Kxe4 84. Kg3 Kf5 85. Kf2 Kf4 86. Ke1 Nc4 87. Kf2 Ne5 88. Kg2 Nd3 89. Kf1 Kg3 90. Kg1 Be2 91. Kh1 Nf4 92. Kg1 Nh3+ 93. Kh1 Bf3# 0-1


[Site "https://www.chess.com"]

[Event "Titled Tuesday Blitz November 08 Late 2022"]
[White "Rasulov, Vugar"]
[Black "Postnikov, Daniil"]
[WhiteFideId "13402390"]
[BlackFideId "4166329"]
[WhiteElo "2509"]
[BlackElo "2261"]
[Result "0-1"]
[Round "03"]
[TimeControl "180+1"]
[Date "2022.11.08"]
[WhiteClock "0:00:03"]
[BlackClock "0:00:08"]

1. e4 c5 2. Nf3 e6 3. b3 Nf6 4. e5 Nd5 5. Bb2 Nc6 6. g3 a6 7. Bg2 b5 8. O-O Bb7 9. c4 Nde7 10. Nc3 b4 11. Ne4 Nf5 12. Re1 h5 13. h4 Be7 14. Nfg5 Qb6 15. a3 Ncd4 16. axb4 Qxb4 17. Bc3 Qb6 18. Ra3 Bxg5 19. hxg5 Bc6 20. d3 Kf8 21. Qd2 h4 22. g4 h3 23. Bh1 Nh4 24. Re3 h2+ 25. Kf1 Nhf3 26. Qd1 Nxe5 27. Ba5 Qb8 28. Bc3 Ng6 29. Ra2 a5 30. Rxa5 Rxa5 31. Bxa5 Nxb3 32. Bc3 Nd4 33. Bxd4 cxd4 34. Re2 Ke7 35. Qc1 Qa7 0-1


[Site "https://www.chess.com"]

[Event "Titled Tuesday Blitz November 08 Late 2022"]
[White "Richter, Paul"]
[Black "Torres Boch, Jose Francisco"]
[WhiteFideId "2046350"]
[BlackFideId "2278383"]
[WhiteElo "2564"]
[BlackElo "2073"]
[Result "1-0"]
[Round "03"]
[TimeControl "180+1"]
[Date "2022.11.09"]
[WhiteClock "0:00:43"]
[BlackClock "0:00:42"]

1. e4 c5 2. Nf3 d6 3. d4 cxd4 4. Nxd4 Nf6 5. Nc3 a6 6. Be2 e5 7. Nb3 Be7 8. g4 h6 9. Be3 Be6 10. Bf3 Nc6 11. Qe2 Rc8 12. O-O-O Nb4 13. Kb1 Nd7 14. a3 Nc6 15. Nd5 Bxd5 16. exd5 Na5 17. Nxa5 Qxa5 18. h4 b5 19. g5 hxg5 20. hxg5 Rxh1 21. Rxh1 Kd8 22. Bg4 Kc7 23. Rh7 Rg8 24. Bxd7 Kxd7 25. Qf3 f6 26. Qf5+ Ke8 27. Qe6 Kf8 28. g6 1-0


[Site "https://www.chess.com"]

[Event "Titled Tuesday Blitz November 08 Late 2022"]
[White "Rodriguez Santiago, Jaime"]
[Black "Diaz Rosas, Julio Cesar"]
[WhiteFideId "3100898"]
[BlackFideId "5105099"]
[WhiteElo "2025"]
[BlackElo "2246"]
[Result "0-1"]
[Round "03"]
[TimeControl "180+1"]
[Date "2022.11.09"]
[WhiteClock "0:00:59"]
[BlackClock "0:00:44"]

1. c4 e6 2. Nf3 d5 3. g3 Nf6 4. Bg2 Nbd7 5. O-O dxc4 6. a4 Rb8 7. Na3 b6 8. Nxc4 Bb7 9. b3 Be7 10. Bb2 O-O 11. Rc1 c5 12. Qc2 h6 13. d3 Qc7 14. e4 Rfd8 15. Rfd1 Rbc8 16. Nfe5 Qb8 17. f4 Qa8 18. Nxd7 Rxd7 19. Ne5 Rdd8 20. Rf1 Qb8 21. g4 Ba6 22. g5 hxg5 23. fxg5 Bd6 24. Nf3 Bxd3 25. Qc3 Nh5 26. Rf2 Bxe4 27. Re1 Bg6 28. Nh4 Bxh2+ 0-1


[Site "https://www.chess.com"]

[Event "Titled Tuesday Blitz November 08 Late 2022"]
[White "Romero Ruscalleda, Josep"]
[Black "Ristic, Nebojsa B"]
[WhiteFideId "2231859"]
[BlackFideId "935468"]
[WhiteElo "2183"]
[BlackElo "2320"]
[Result "0-1"]
[Round "03"]
[TimeControl "180+1"]
[Date "2022.11.09"]
[WhiteClock "0:00:18"]
[BlackClock "0:01:44"]

1. e4 Nc6 2. d4 d6 3. Nf3 Nf6 4. Nc3 g6 5. Bc4 Bg7 6. O-O O-O 7. h3 Nxe4 8. Bxf7+ Rxf7 9. Nxe4 d5 10. Nc5 Qd6 11. c3 e5 12. Be3 e4 13. Nh2 h5 14. Qd2 b6 15. Nb3 Ba6 16. Rfe1 Raf8 17. a4 Ne7 18. a5 Bc4 19. Ra3 Nf5 20. Bf4 Qd7 21. axb6 axb6 22. Ra7 Bxb3 23. Rxc7 Qe6 24. Rxf7 Qxf7 25. Ra1 Nxd4 26. Bd6 Nc2 27. Ra6 Bh6 28. f4 Bxf4 29. Bxf4 Qxf4 30. Qxf4 Rxf4 31. Rxb6 Bc4 32. Rxg6+ Kh7 33. Rd6 e3 34. Nf3 e2 35. Ng5+ Kg7 36. Ne6+ Kf7 37. Nxf4 e1=Q+ 38. Kh2 Qe5 0-1


[Site "https://www.chess.com"]

[Event "Titled Tuesday Blitz November 08 Late 2022"]
[White "Rose, Felix"]
[Black "Golubev, Mikhail"]
[WhiteFideId "5105722"]
[BlackFideId "14100983"]
[WhiteElo "2039"]
[BlackElo "2374"]
[Result "0-1"]
[Round "03"]
[TimeControl "180+1"]
[Date "2022.11.09"]
[WhiteClock "0:00:19"]
[BlackClock "0:01:30"]

1. e4 c5 2. Nf3 d6 3. d4 Nf6 4. Nc3 cxd4 5. Nxd4 g6 6. Be3 Bg7 7. f3 O-O 8. Qd2 Nc6 9. O-O-O d5 10. exd5 Nxd5 11. Nxc6 bxc6 12. Bd4 Bxd4 13. Qxd4 Qb6 14. Na4 Qa5 15. h4 e5 16. Qc4 Ne3 17. Qxc6 Nxd1 18. Qxa8 Qxa4 19. Kxd1 Rd8+ 20. Bd3 Rxd3+ 21. Kc1 Rd8 22. h5 Qxa2 0-1


[Site "https://www.chess.com"]

[Event "Titled Tuesday Blitz November 08 Late 2022"]
[White "Rosenberg, Evan S"]
[Black "Roque Sola, Gisela"]
[WhiteFideId "2019299"]
[BlackFideId "5120241"]
[WhiteElo "2394"]
[BlackElo "1961"]
[Result "1-0"]
[Round "03"]
[TimeControl "180+1"]
[Date "2022.11.09"]
[WhiteClock "0:00:30"]
[BlackClock "0:00:48"]

1. d4 Nf6 2. Nf3 g6 3. Nc3 d5 4. Bf4 c6 5. h3 Bg7 6. e3 O-O 7. Be2 Nbd7 8. O-O Ne4 9. Nxe4 dxe4 10. Nd2 Nf6 11. a4 Qb6 12. Nc4 Qd8 13. a5 Be6 14. a6 b6 15. Ne5 Qc8 16. Kh2 Nd7 17. Nxd7 Qxd7 18. c4 h5 19. b4 Rfd8 20. Ra2 f6 21. Kg1 g5 22. Bg3 h4 23. Bh2 b5 24. Rc2 bxc4 25. Bxc4 Bxc4 26. Rxc4 Qd5 27. Qc2 Rac8 28. Rc1 Qb5 29. Rxc6 Rxc6 30. Qxc6 Qxb4 31. Qxe4 Qa3 32. Qe6+ Kh8 33. Rb1 Qd3 34. Rf1 Qb5 35. Qxe7 Rc8 36. Qxa7 Rc2 37. Qb8+ Kh7 38. Qxb5 1-0


[Site "https://www.chess.com"]

[Event "Titled Tuesday Blitz November 08 Late 2022"]
[White "Roux, Baptiste"]
[Black "Kovacevic, Radmila"]
[WhiteFideId "36017450"]
[BlackFideId "933171"]
[WhiteElo "2077"]
[BlackElo "2208"]
[Result "1-0"]
[Round "03"]
[TimeControl "180+1"]
[Date "2022.11.09"]
[WhiteClock "0:00:19"]
[BlackClock "0:00:09"]

1. d4 e5 2. dxe5 Nc6 3. Bf4 Qe7 4. Nf3 Qb4+ 5. Bd2 Qxb2 6. Nc3 Bb4 7. Rb1 Qxc3 8. Bxc3 Bxc3+ 9. Nd2 Bxe5 10. e3 Nf6 11. Bd3 d5 12. O-O O-O 13. Nf3 Bd6 14. Nd4 Ne7 15. Nb5 Be5 16. f4 Bd6 17. Nxd6 cxd6 18. Qd2 Nc6 19. h3 Re8 20. Rfe1 h5 21. c4 Be6 22. cxd5 Bxd5 23. Rxb7 Ne4 24. Bxe4 Bxe4 25. Qxd6 Re6 26. Qc7 Rf8 27. Rc1 Rg6 28. Rb2 Nd8 29. Qe5 f5 30. Rc8 Kh7 31. Qc5 Ne6 32. Qxf8 Nxf8 33. Rxf8 Rg3 34. Rf7 a5 35. Ra7 Rxe3 36. Rxa5 Rg3 37. Kh2 h4 38. Rf2 Kh6 39. a4 Ra3 40. Ra6+ g6 41. a5 Kh5 42. Ra7 Kh6 43. Rb2 Ra1 44. Rd2 Bc6 45. Rd8 g5 46. Rd6+ Kh5 47. Rh7# 1-0


[Site "https://www.chess.com"]

[Event "Titled Tuesday Blitz November 08 Late 2022"]
[White "Salman, Pavel"]
[Black "Capp, Stephen"]
[WhiteFideId "24153753"]
[BlackFideId "2027089"]
[WhiteElo "2187"]
[BlackElo "2163"]
[Result "1-0"]
[Round "03"]
[TimeControl "180+1"]
[Date "2022.11.09"]
[WhiteClock "0:01:05"]
[BlackClock "0:00:01"]

1. d4 Nf6 2. Nc3 d5 3. Bf4 a6 4. e3 Bf5 5. f3 Bg6 6. h4 h6 7. Bd3 Bxd3 8. Qxd3 e6 9. e4 dxe4 10. fxe4 Bb4 11. Ne2 c5 12. O-O-O Qa5 13. e5 Nfd7 14. Ne4 Qxa2 15. Nd6+ Ke7 16. c3 Qa1+ 17. Kc2 Qa4+ 18. Kd2 Ba5 19. Ra1 Qb3 20. Rxa5 Qxb2+ 21. Qc2 Qb6 22. Raa1 Nc6 23. Rhb1 Qd8 24. Rxb7 cxd4 25. cxd4 Rc8 26. Qc5 Kf8 27. Rxd7 Qxd7 28. Nxc8+ Kg8 29. Qxc6 Qxc6 30. Ne7+ 1-0


[Site "https://www.chess.com"]

[Event "Titled Tuesday Blitz November 08 Late 2022"]
[White "Sanchez, Robert"]
[Black "Levine, David"]
[WhiteFideId "2034360"]
[BlackFideId "2011611"]
[WhiteElo "2352"]
[BlackElo "2164"]
[Result "0-1"]
[Round "03"]
[TimeControl "180+1"]
[Date "2022.11.09"]
[WhiteClock "0:00:36"]
[BlackClock "0:00:04"]

1. e4 e5 2. Nf3 Nc6 3. Bb5 a6 4. Ba4 Nf6 5. d3 d6 6. c4 Bd7 7. h3 g6 8. O-O Bg7 9. Nc3 O-O 10. Bg5 h6 11. Be3 Nh5 12. Bxc6 Bxc6 13. d4 Qe8 14. d5 Bd7 15. c5 f5 16. Rc1 Nf4 17. Bxf4 exf4 18. exf5 Bxf5 19. Re1 Qf7 20. cxd6 cxd6 21. Nd4 Rae8 22. Qd2 Be5 23. Nxf5 Qxf5 24. f3 Bxc3 25. bxc3 Rc8 26. Re6 Rf6 27. Rce1 Rxe6 28. Rxe6 Rc5 29. Rxd6 Rb5 30. Qd4 Rb1+ 31. Kh2 Qg5 32. g4 fxg3+ 33. Kg2 Rb2+ 34. Kh1 Qc1+ 0-1


[Site "https://www.chess.com"]

[Event "Titled Tuesday Blitz November 08 Late 2022"]
[White "Sarana, Alexey"]
[Black "Makridis, Dimitrios"]
[WhiteFideId "24133795"]
[BlackFideId "25864475"]
[WhiteElo "2708"]
[BlackElo "2272"]
[Result "0-1"]
[Round "03"]
[TimeControl "180+1"]
[Date "2022.11.08"]
[WhiteClock "0:00:10"]
[BlackClock "0:01:47"]

1. c4 e6 2. Nc3 d5 3. d4 h6 4. cxd5 exd5 5. Bf4 Nf6 6. e3 Bd6 7. Bxd6 Qxd6 8. Bd3 O-O 9. Nge2 b6 10. O-O c5 11. Qd2 Bb7 12. b3 Nbd7 13. Bf5 Rfe8 14. Rad1 Rad8 15. Rfe1 Nf8 16. Nf4 g6 17. Bb1 Ne6 18. Nxe6 Qxe6 19. dxc5 bxc5 20. Na4 Qc6 21. f3 d4 22. exd4 Rxd4 23. Qxh6 Re2 24. Qg5 Rg4 25. Rd8+ Kg7 26. Qxf6+ Qxf6 27. Rxe2 Qxd8 28. fxg4 Qd1+ 29. Kf2 Qxb1 30. Nxc5 Bc6 31. h3 Qa1 32. Rc2 Qd4+ 33. Ke2 Bxg2 34. Rc4 Qe5+ 35. Kf2 Bxh3 36. Nd3 Qh2+ 37. Kf3 Bf1 0-1


[Site "https://www.chess.com"]